AoeStats
← Theresallwaysahole

Arabia

512039573Analyzed
3v3 RM · 8d ago on Oct 7, 2026· 46m 31s· 6 players
Game mode
Random Map
Map size
Normal (6 player)
Population
200
Speed
Normal
Resources
Standard
Victory
Conquest
Starting age
Dark Age
Ending age
Imperial Age
RankedLock teamsTeams togetherTeam positionsShared explorationLock speedFull tech treeHidden civsTurbo modeCheats
Victory
Defeat
🇪🇸 Malians · Spain
1325
+13
🇨🇴 Dravidians · Colombia
1308
+14
🇫🇷 Varangians · France
1269
+16
vs
🇬🇧 Burmese · United Kingdom
1286
-15
🇬🇧 Bengalis · United Kingdom
1278
-15
🇬🇧 Aztecs · United Kingdom
1221
-13
Alfeternale
7:08 Loom
10:39 Feudal Age
12:55 Bloodlines
13:05 Double-Bit Axe
14:18 Forging
14:13 Town Watch
14:29 Double-Bit Axe
14:26 Horse Collar
15:53 Scale Barding Armor
22:25 Castle Age
21:33 Scale Mail Armor
23:31 Light Cavalry
25:06 Gold Mining
27:04 Bow Saw
28:40 Squires
28:47 Husbandry
28:50 Heavy Plow
29:49 Wheelbarrow
31:02 Iron Casting
30:46 Gambesons
32:50 Chain Mail Armor
34:30 Hand Cart
34:48 Fletching
36:42 Town Patrol
37:21 Vendel Legacy
41:00 Chain Barding Armor
46:04 Imperial Age
44:50 Treadmill Crane
46:08 Cavalier
47:25 Plate Barding Armor
48:08 Two-Man Saw
47:39 Crop Rotation
Dasilva
9:42 Loom
11:48 Feudal Age
15:31 Castle Age
13:34 Double-Bit Axe
16:37 Bow Saw
16:18 Horse Collar
22:46 Wheelbarrow
23:05 Scale Mail Armor
23:51 Town Watch
24:13 Heavy Plow
25:01 Chain Mail Armor
25:32 Forging
25:21 Stone Mining
25:37 Squires
27:27 Stone Shaft Mining
28:09 Iron Casting
28:36 Scale Barding Armor
28:54 Gold Mining
30:14 Bloodlines
30:05 Husbandry
30:27 Chain Barding Armor
30:55 Hand Cart
34:17 Tigui
37:40 Imperial Age
36:49 Town Patrol
37:14 Fletching
37:40 Masonry
38:01 Bodkin Arrow
38:06 Padded Archer Armor
39:27 Chemistry
37:57 Cavalier
39:14 Plate Barding Armor
39:26 Herbal Medicine
39:29 Heavy Camel Rider
40:29 Farimba
42:30 Conscription
43:03 Hoardings
44:21 Plate Mail Armor
45:28 Architecture
_Jincho_
3:11 Loom
10:28 Feudal Age
13:24 Double-Bit Axe
13:30 Horse Collar
15:18 Fletching
16:29 Padded Archer Armor
22:09 Castle Age
20:41 Arson
20:49 Gold Mining
22:10 Crossbowman
22:46 Bodkin Arrow
23:24 Bow Saw
23:14 Heavy Plow
23:17 Squires
23:24 Town Watch
24:43 Thumb Ring
25:54 Ballistics
25:39 Pikeman
26:20 Scale Mail Armor
26:31 Forging
28:09 Chain Mail Armor
35:08 Iron Casting
38:06 Murder Holes
39:21 Gambesons
42:14 Imperial Age
41:48 Wheelbarrow
41:06 Stone Mining
43:30 Plate Mail Armor
44:01 Blast Furnace
42:23 Halberdier
44:12 Wootz Steel
45:39 Conscription
47:16 Chemistry
Captain Binjuice
2:39 Loom
11:33 Feudal Age
12:01 Double-Bit Axe
14:15 Fletching
17:04 Wheelbarrow
16:58 Padded Archer Armor
21:11 Gold Mining
21:15 Stone Mining
23:43 Castle Age
23:04 Horse Collar
24:41 Bodkin Arrow
25:20 Heavy Plow
39:45 Fortified Wall
41:06 Town Watch
43:13 Town Patrol
45:12 Leather Archer Armor
44:54 Light Cavalry
45:44 Bloodlines
45:35 Husbandry
45:47 Forging
45:42 Scale Barding Armor
Theresallwaysahole
6:53 Loom
9:19 Feudal Age
10:16 Town Watch
15:53 Fletching
16:41 Horse Collar
22:58 Castle Age
22:42 Padded Archer Armor
23:07 Crossbowman
23:43 Bodkin Arrow
25:33 Pikeman
26:16 Pikeman
26:57 Scale Mail Armor
31:07 Wheelbarrow
37:17 Imperial Age
36:17 Ballistics
36:15 Bloodlines
37:00 Hand Cart
37:23 Husbandry
38:03 Gold Mining
39:04 Bracer
39:32 Elite Arambai
43:50 Conscription
44:35 Masonry
46:14 Murder Holes
45:58 Halberdier
46:38 Squires
46:54 Chain Mail Armor
46:50 Forging
Richard Neville, Earl of Warwick
2:26 Loom
11:11 Feudal Age
12:41 Double-Bit Axe
19:14 Castle Age
18:19 Scale Mail Armor
19:36 Eagle Warrior
20:32 Forging
20:29 Horse Collar
20:58 Squires
23:26 Iron Casting
31:46 Ballistics
31:44 Fletching
33:44 Chain Mail Armor
33:51 Arson
33:27 Pikeman
35:33 Wheelbarrow
37:34 Imperial Age
39:44 Conscription
39:45 Garland Wars
39:50 Elite Eagle Warrior
Connection lost

Rejoining the realm…

Still unreachable

The connection could not be restored.

Session expired

The server has moved on; the page needs a fresh start.